 Dungeon Crawl Stone Soup version 0.25.1-2-g60ff931df9 (webtiles) character file.

Game seed: 4409283120765604464

111 lepoulpe303 the Magician (level 4, -4/21 HPs)
             Began as a Spriggan Earth Elementalist on Oct 11, 2020.
             Was an Initiate of Gozag.
             Slain by a wyvern skeleton (6 damage)
             ... on level 3 of the Dungeon.
             The game lasted 00:11:20 (3382 turns).

lepoulpe303 the Magician (SpEE)                     Turns: 3382, Time: 00:11:20

Health: -4/21      AC:  2    Str:  4    XL:     4   Next: 62%
Magic:  8/11       EV: 19    Int: 17    God:    Gozag
Gold:   200        SH:  0    Dex: 16    Spells: 5/11 levels left

rFire    . . .     SeeInvis +   a - +0 short sword
rCold    . . .     Gourm    .   (shield restricted)
rNeg     . . .     Faith    .   c - +0 robe
rPois    .         Spirit   .   (helmet restricted)
rElec    .         Reflect  .   (no cloak)
rCorr    .         Harm     .   (gloves unavailable)
MR       .....                  (boots unavailable)
Stlth    +++.......             (no amulet)
HPRegen  0.07/turn              (no ring)
MPRegen  0.12/turn              (no ring)

@: very quick
A: very small, unfitting armour, see invisible, herbivore, speed 3, slow
metabolism 2
a: Potion Petition, Call Merchant, Bribe Branch, Renounce Religion


You were on level 3 of the Dungeon.
You worshipped Gozag.
Gozag was aware of your devotion.
You were hungry.

You visited 1 branch of the dungeon, and saw 3 of its levels.

You collected 216 gold pieces.
You paid 16 gold pieces to Gozag.

Inventory:

Hand Weapons
 a - a +0 short sword (weapon)
Missiles
 Q - 18 stones (quivered)
Armour
 c - a +0 robe (worn)
 j - a +0 buckler
Jewellery
 b - an uncursed ring of flight {unknown}
 d - a cursed ring of attention {unknown}
 i - an uncursed ring of protection from fire {unknown}
Scrolls
 f - 2 scrolls of identify {unknown}
 h - a scroll of teleportation {unknown}
Potions
 g - a potion of magic {unknown}
Comestibles
 e - 9 rations


   Skills:
 + Level 1.2 Short Blades
 + Level 3.7 Dodging
 + Level 4.0 Stealth
 + Level 0.0 Shields
 * Level 4.0 Spellcasting
 - Level 1.3 Transmutations
 * Level 3.4 Earth Magic


You had 5 spell levels left.
You knew the following spells:

 Your Spells              Type           Power        Failure   Level  Hunger
a - Sandblast             Erth           ###...       3%          1    None
w - Passwall              Tmut/Erth      ##......     9%          2    ##.....
x - Stone Arrow           Conj/Erth      #.....       22%         3    ###....

Your spell library contained the following spells:

 Spells                   Type           Power        Failure   Level  Hunger
 Petrify                  Tmut/Erth      ##......     50%         4    ####...
 Lee's Rapid Deconstruct  Erth           ###.......   71%         5    ######.


Dungeon Overview and Level Annotations

Branches:
Dungeon (3/15)

Altars:
Ashenzari
Fedhas
Gozag
Qazlal


Innate Abilities, Weirdness & Mutations

You are very small and have problems with some larger weapons.
You are too small for most types of armour.
You have supernaturally acute eyesight. (SInv)
You are a herbivore.
You cover ground extremely quickly.
You need to consume almost no food.


Message History

You barely miss the wyvern skeleton.
The kobold shouts!
The wyvern skeleton bites you!
The wyvern skeleton completely misses you.
You take 7 damage, and have 14/21 hp.
MASSIVE DAMAGE!!
You don't know that spell.
Aim: a wyvern skeleton (heavily damaged)
The blast of sand hits the wyvern skeleton.
Q - 18 stones The wyvern skeleton bites you!
Ouch! That really hurt!
* * * LOW HITPOINT WARNING * * *
You take 12 damage, and have 2/21 hp.
MASSIVE DAMAGE!!
You now have 8/11 mp.
There is a stone staircase leading up here.
The wyvern skeleton bites you.
You die...
Your body crumbles into a pile of gold.

## #.. #.
#.# #.#
#.# ..
#.#
#K##.#
#..#.#
#.#.#
###.$.#.#
#@Z.....#
####.>###
##.# #...
#####


You could see a wyvern skeleton.

Levels and vault maps discovered:
D:1:      lemuel_arrival_river_bridge, layout_loops_ring, bh_walls_and_bars
D:2:      layout_basic, lemuel_coloured_pillars_altar, lemuel_round_altar,
          lemuel_round_altar, first_ration, st_stairs_5,
          minmay_misc_feat_encased, hangedman_decor_growths,
          fedhas_ov_isle_minmay
D:3:      kennysheep_goblin_castle, layout_basic, lightli_sewer_entry_pipes,
          minmay_misc_feat_diagonals, chequers_serial_rivers_small_3

Notes
Turn   | Place    | Note
-------+----------+-------------------------------------------
     0 | D:1      | lepoulpe303 the Spriggan Earth Elementalist began the quest
                  | for the Orb.
     0 | D:1      | Reached XP level 1. HP: 9/9 MP: 5/5
    25 | D:1      | Identified a +0 club
    54 | D:1      | Identified a +0 club
   320 | D:1      | Identified a +0 short sword
   322 | D:1      | Reached skill level 3 in Spellcasting
   358 | D:1      | Reached XP level 2. HP: 13/13 MP: 5/7
   612 | D:1      | Reached skill level 3 in Earth Magic
   616 | D:1      | Learned a level 2 spell: Passwall
   750 | D:1      | Identified a cursed -3 club
  1112 | D:1      | Identified a +0 club
  1157 | D:1      | Identified a +0 club
  1414 | D:1      | Reached XP level 3. HP: 16/16 MP: 8/8
  1673 | D:1      | Identified a +0 short sword
  1688 | D:1      | Learned a level 3 spell: Stone Arrow
  1844 | D:2      | Found a blossoming altar of Fedhas.
  1889 | D:2      | Found an opulent altar of Gozag.
  1901 | D:2      | Became a worshipper of Gozag Ym Sagoz the Greedy
  2129 | D:2      | Identified a +0 club
  2220 | D:2      | Reached skill level 1 in Short Blades
  2370 | D:2      | Identified a +0 club
  2386 | D:2      | Reached XP level 4. HP: 19/21 MP: 5/10
  2653 | D:2      | Identified a +0 dagger
  2655 | D:2      | Found a stormy altar of Qazlal.
  2674 | D:2      | Reached skill level 4 in Spellcasting
  2904 | D:2      | Found a shattered altar of Ashenzari.
  2989 | D:2      | Reached skill level 4 in Stealth
  3067 | D:2      | Identified a +0 club
  3067 | D:2      | Identified a +0 leather armour
  3379 | D:3      | HP: 2/21 [wyvern skeleton (12)]
  3382 | D:3      | Slain by a wyvern skeleton

Table legend:
 A = Turns spent in this place as a percentage of turns spent in the entire game.
 B = Non-inter-level travel turns spent in this place as a percentage of non-inter-level travel turns spent in the entire game.
 C = Inter-level travel turns spent in this place as a percentage of turns spent in this place.
 D = Turns resting spent in this place as a percentage of non-inter-level travel turns spent in this place.
 E = Turns spent auto-exploring this place as a percentage of non-inter-level travel turns spent in this place.
 F = Non-inter-level travel turns spent in this place divided by the number of levels of this place that you've seen.
                   A       B       C       D       E      F
               +-------+-------+-------+-------+-------+----------------------
         Total | 100.0 | 100.0 |   0.9 |  40.2 |  43.8 | 1116.7
       Dungeon | 100.0 | 100.0 |   0.9 |  40.2 |  43.8 | 1116.7
               +-------+-------+-------+-------+-------+----------------------

Table legend:
 A = Kills in this place as a percentage of kills in entire the game.
 B = Kills by you in this place as a percentage of kills by you in the entire game.
 C = Kills by friends in this place as a percentage of kills by friends in the entire game.
 D = Other kills in this place as a percentage of other kills in the entire game.
 E = Experience gained in this place as a percentage of experience gained in the entire game.
 F = Experience gained in this place divided by the number of levels of this place that you have seen.
                   A       B       C       D       E      F
               +-------+-------+-------+-------+-------+----------------------
         Total | 100.0 | 100.0 |   N/A |   N/A | 100.0 |  53.0
       Dungeon | 100.0 | 100.0 |   N/A |   N/A | 100.0 |  53.0
               +-------+-------+-------+-------+-------+----------------------

Skill      XL: |  1  2  3  4 |
---------------+-------------+-----
Spellcasting   | 3 4 |  4.0
Earth Magic    | 3 |  3.4
Short Blades   | 1 |  1.2
Stealth        | 4 |  4.0
Dodging        | |  3.7
Transmutations | |  1.3

Action                   |  1- 3 |  4- 6 || total
-------------------------+-------+-------++-------
Melee: Unarmed           |    14 |       ||    14
       Short sword       |   117 |    45 ||   162
 Cast: Sandblast         |    20 |    21 ||    41
       Passwall          |     1 |       ||     1
 Stab: Sleeping          |     8 |     3 ||    11
Armor: Robe              |     9 |     2 ||    11
Dodge: Dodged            |    91 |    43 ||   134

Vanquished Creatures
  4 adders (D:2)
  An ooze (D:1)
  3 worms (D:2)
  4 dart slugs
  A leopard gecko (D:1)
  5 ball pythons
  3 giant cockroaches
  7 goblins
  9 hobgoblins
  2 jackals (D:2)
  3 kobolds
  2 bats
  3 frilled lizards
  5 rats (D:1)
52 creatures vanquished.
